Map: Deathaura LE

Players

Garitos

  • Race: Zerg Zerg
  • League: Grandmaster
  • Spawn Location: 11:00

ShoWTimE - Winner!

  • Race: Protoss Protoss
  • League: Grandmaster
  • Spawn Location: 5:00

Event: DreamHack SC2 Masters 2020 Fall

VOD

Have the link to the VOD?

Description

Time

  • Played on: Sept. 1, 2020, 2:30 p.m.
  • Length: 15:05

All games in this series

Show
View Real Time Build Order
Export as new Build Order

Garitos Zerg 

Build Orders: Pool First, Lurkers 

Get SALT Encoding   

  12  0:17  Spawning Pool  
  11  0:22  Drone  
  11  0:26  Drone  
  13  0:30  Drone  
  14  0:39  Overlord  
  14  1:04  Zergling x4  
  16  1:06  Zergling x2  
  17  1:17  Zergling x2  
  18  1:30  Hatchery  
  17  1:33  Queen  
  17  1:38  Drone  
  20  1:47  Drone  
  21  1:50  Overlord  
  21  2:12  Hatchery  
  21  2:14  Drone  
  21  2:26  Drone x2, Extractor  
  21  2:37  Drone  
  21  2:43  Queen, Overlord  
  25  2:45  Drone x3  
  28  3:07  Drone  
  28  3:10  Hatchery  
  28  3:13  Drone  
  28  3:14  Drone  
  30  3:30  Drone x4  
  30  3:33  Metabolic Boost  
  34  3:42  Drone x2  
  34  3:46  Queen  
  38  3:54  Drone x2  
  40  3:58  Drone  
  40  3:59  Drone x2  
  43  4:07  Overlord  
  43  4:16  Overlord  
  43  4:21  Drone  
  43  4:22  Drone  
  43  4:23  Drone x2  
  47  4:25  Drone x2  
  47  4:26  Drone  
  47  4:28  Drone x2  
  47  4:29  Drone x2  
  54  4:37  Roach Warren  
  54  4:38  Zergling x4  
  54  4:40  Queen  
  54  4:43  Spore Crawler  
  54  4:53  Drone x3  
  55  5:07  Drone  
  55  5:08  Drone x3  
  55  5:09  Drone  
  55  5:10  Drone x2  
  62  5:16  Drone  
  62  5:17  Drone x2  
  62  5:18  Overlord  
  65  5:28  Lair  
  65  5:32  Extractor  
  65  5:33  Overlord  
  65  5:35  Zergling x2  
  65  5:38  Overlord x2  
  65  5:40  Drone x2, Extractor  
  66  5:42  Extractor  
  66  5:43  Zergling x2  
  66  5:44  Zergling x2  
  66  5:45  Drone  
  68  5:50  Roach x3  
  68  5:55  Roach  
  68  5:56  Roach  
  78  5:58  Zergling x4  
  80  6:12  Zergling x2  
  80  6:13  Zergling x6  
  80  6:17  Zergling x2  
  85  6:24  Zergling x4  
  84  6:35  Zergling x6  
  84  6:38  Zergling x2  
  88  6:40  Hatchery  
  88  6:42  Zergling x4  
  88  6:43  Glial Reconstitution  
  88  6:44  Roach x3, Baneling Nest  
  94  6:49  Ravager x2  
  94  6:51  Ravager, Zergling x2  
  94  6:53  Overlord  
  98  7:00  Overlord  
  90  7:17  Zergling x4  
  90  7:18  Zergling x4  
  87  7:24  Zergling x4  
  87  7:25  Zergling x4  
  87  7:27  Roach x4, Hydralisk Den  
  87  7:28  Drone x2  
  87  7:29  Drone x3  
  101  7:34  Pneumatized Carapace  
  101  7:36  Roach, Centrifical Hooks  
  103  7:40  Ravager  
  103  7:41  Drone  
  105  7:44  Overlord x2  
  105  7:45  Overlord, Unknown  
  105  7:48  Unknown  
  103  8:00  Overlord  
  103  8:03  Overlord  
  103  8:05  Zergling x18  
  112  8:07  Roach  
  112  8:09  Ravager x3  
  112  8:10  Ravager  
  115  8:20  Drone  
  115  8:21  Drone x5  
  121  8:28  Roach x5  
  121  8:33  Baneling x10  
  131  8:35  Baneling  
  131  8:36  Baneling  
  131  8:42  Zergling x18  
  131  8:44  Baneling  
  131  8:45  Baneling x6  
  140  8:50  Zergling x2  
  140  8:51  Zergling x4  
  140  8:52  Zergling x2  
  144  8:56  Zergling x4  
  144  8:57  Zergling x4  
  144  9:01  Zergling x2  
  144  9:02  Zergling x2  
  150  9:05  Overlord  
  150  9:12  Overlord  
  150  9:14  Baneling  
  150  9:15  Baneling x21  
  150  9:21  Overlord  
  150  9:23  Overlord  
  145  9:31  Baneling x17  
  133  9:43  Roach x5  
  133  9:45  Zergling x6  
  123  9:46  Zergling x2  
  123  9:48  Zergling x2  
  123  9:50  Zergling x2  
  123  9:52  Zergling x2  
  114  9:58  Roach x3  
  117  10:01  Roach  
  117  10:05  Evolution Chamber, Roach  
  120  10:07  Roach  
  120  10:09  Roach  
  120  10:11  Zergling x4  
  126  10:14  Roach  
  115  10:29  Roach x2  
  115  10:30  Roach x4  
  115  10:32  Roach  
  115  10:34  Roach  
  131  10:37  Zerg Missile Weapons Level 1  
  131  10:39  Ravager x5  
  131  10:40  Ravager x4  
  131  10:41  Ravager  
  131  10:42  Baneling x3  
  141  10:43  Baneling  
  141  10:49  Roach  
  143  10:50  Roach  
  143  10:54  Baneling x6  
  143  10:55  Baneling  
  143  10:56  Zergling x2  
  146  11:00  Zergling x2  
  146  11:01  Zergling x4  
  146  11:04  Roach  
  151  11:07  Roach x2  
  151  11:08  Zergling x2  
  157  11:18  Zergling x4  
  157  11:19  Zergling x10  
  157  11:20  Zergling x2  
  157  11:23  Zergling x2  
  157  11:24  Zergling x4  
  167  11:26  Zergling x2  
  167  11:30  Baneling x2  
  157  11:48  Zergling x2  
  157  11:50  Zergling x2  
  157  11:52  Zergling x8  
  157  11:53  Zergling x4  
  157  11:54  Zergling x2  
  147  11:57  Zergling x4  
  147  12:00  Overlord  
  147  12:01  Overlord x2  
  144  12:03  Overlord  
  143  12:15  Spire  
  142  12:17  Overlord  
  142  12:20  Lurker Den  
  141  12:23  Overlord x2  
  141  12:32  Overlord  
  141  12:33  Zergling x2  
  141  12:34  Zergling x2  
  141  12:36  Baneling x8  
  141  12:37  Baneling x16  
  142  12:39  Zergling x2  
  133  12:54  Extractor  
  133  12:55  Extractor  
  129  13:04  Hydralisk x2  
  129  13:05  Hydralisk x2  
  133  13:06  Hydralisk, Hatchery  
  133  13:09  Hydralisk  
  133  13:12  Hydralisk  
  129  13:32  Hydralisk x2  
  117  13:41  Lurker  
  117  13:42  Lurker x5  
  117  13:44  Lurker  
  117  13:47  Zergling x24  
  136  13:51  Zergling x2  
  118  14:10  Hydralisk  
  118  14:11  Zergling x10  
  121  14:21  Zergling x2  
  123  14:24  Zergling x2  
  121  14:40  Zergling x2  
  121  14:45  Roach x2  
Show
View Real Time Build Order
Export as new Build Order

ShoWTimE Protoss - Winner!

Build Orders: Colossus Rush 

Get SALT Encoding   

  12  0:00  Probe  
  13  0:12  Probe  
  14  0:17  Pylon  
  14  0:24  Probe (Chrono Boost)  
  15  0:36  Gateway, Probe (Chrono Boost)  
  16  0:44  Probe (Chrono Boost)  
  16  0:47  Assimilator  
  17  0:51  Probe  
  18  1:03  Probe  
  19  1:15  Probe  
  20  1:21  Zealot (Chrono Boost)  
  20  1:24  Cybernetics Core  
  22  1:27  Probe  
  23  1:35  Pylon  
  23  1:38  Gateway  
  23  1:53  Probe  
  26  2:01  Shield Battery  
  26  2:02  Adept (Chrono Boost)  
  26  2:07  Cybernetics Core  
  26  2:14  Gateway  
  26  2:17  Pylon  
  26  2:23  Stalker  
  28  2:35  Probe  
  29  2:46  Nexus  
  29  2:47  Probe  
  30  2:52  Warp Gate  
  30  2:59  Sentry, Probe  
  30  3:04  Assimilator  
  33  3:11  Probe  
  34  3:24  Probe  
  35  3:29  Adept  
  35  3:32  Pylon  
  37  3:36  Probe  
  37  3:37  Gateway  
  38  3:47  Robotics Facility  
  38  3:48  Probe (Chrono Boost)  
  39  3:58  Probe (Chrono Boost)  
  39  4:00  Probe (Chrono Boost)  
  39  4:01  Sentry  
  43  4:07  Probe (Chrono Boost)  
  43  4:08  Probe (Chrono Boost)  
  45  4:12  Probe (Chrono Boost)  
  45  4:14  Probe  
  45  4:16  Gateway  
  47  4:24  Probe  
  47  4:26  Probe  
  47  4:29  Twilight Council  
  49  4:33  Warp Prism (Chrono Boost)  
  49  4:36  Probe  
  52  4:38  Probe  
  53  4:48  Probe  
  53  4:50  Probe  
  55  4:53  Sentry x2  
  59  5:00  Probe  
  59  5:03  Probe  
  59  5:06  Assimilator  
  59  5:08  Assimilator  
  59  5:12  Pylon  
  59  5:13  Probe  
  60  5:14  Forge  
  60  5:15  Blink, Probe  
  60  5:19  Pylon  
  61  5:28  Gateway  
  61  5:34  Adept  
  63  5:37  Stalker, Pylon  
  63  5:38  Zealot  
  63  5:42  Probe x2  
  69  5:48  Protoss Ground Weapons Level 1 (Chrono Boost)  
  69  5:49  Colossus  
  73  5:50  Immortal  
  73  5:57  Nexus  
  73  5:58  Probe  
  73  6:00  Probe  
  75  6:06  Pylon  
  75  6:10  Probe (Chrono Boost)  
  76  6:12  Probe (Chrono Boost)  
  77  6:21  Pylon  
  77  6:23  Probe (Chrono Boost)  
  77  6:24  Probe (Chrono Boost)  
  79  6:28  Probe (Chrono Boost)  
  79  6:29  Immortal, Probe (Chrono Boost)  
  85  6:36  Shield Battery, Pylon  
  85  6:37  Probe  
  85  6:39  Probe  
  87  6:40  Sentry x2  
  91  6:49  Probe  
  91  6:51  Probe  
  93  6:56  Stalker x2  
  98  7:01  Probe  
  98  7:03  Probe  
  98  7:04  Pylon  
  103  7:08  Immortal (Chrono Boost)  
  103  7:13  Stalker x2  
  105  7:19  Stalker  
  105  7:20  Stalker  
  95  7:30  Shield Battery  
  95  7:37  Gateway  
  95  7:38  Phoenix, Sentry x2, Gateway  
  95  7:39  Pylon  
  95  7:41  Probe x3  
  95  7:42  Assimilator  
  102  7:45  Assimilator, Immortal  
  102  7:46  Protoss Ground Weapons Level 2 (Chrono Boost)  
  102  7:48  Stalker  
  102  7:50  Sentry  
  110  7:55  Probe x2  
  110  7:56  Probe  
  113  8:03  Pylon  
  113  8:04  Pylon  
  113  8:07  Photon Cannon  
  113  8:09  Photon Cannon  
  113  8:13  Photon Cannon  
  113  8:14  Phoenix  
  113  8:18  Stalker x2  
  117  8:22  Zealot x2  
  121  8:30  Robotics Bay  
  121  8:35  Charge  
  121  8:36  Robotics Facility  
  121  8:44  Observer (Chrono Boost)  
  121  8:48  Pylon  
  122  8:50  Nexus  
  122  8:53  Pylon  
  122  8:58  Stalker x3  
  122  9:02  Stalker x2  
  132  9:16  Colossus (Chrono Boost)  
  132  9:20  Colossus (Chrono Boost)  
  144  9:28  Stalker x4  
  143  9:40  Stalker x2  
  143  9:45  Stalker x2  
  107  9:58  Stalker x4  
  115  10:00  Colossus (Chrono Boost)  
  121  10:16  Shield Battery  
  121  10:17  Shield Battery, Stalker x2  
  119  10:21  Shield Battery, Probe (Chrono Boost)  
  119  10:23  Probe (Chrono Boost)  
  119  10:25  Probe (Chrono Boost)  
  114  10:28  Probe (Chrono Boost)  
  114  10:34  Probe (Chrono Boost)  
  114  10:35  Probe (Chrono Boost)  
  117  10:36  Sentry x4, Probe (Chrono Boost)  
  117  10:39  Gateway  
  117  10:40  Probe x3 (Chrono Boost)  
  117  10:41  Probe (Chrono Boost)  
  129  10:43  Protoss Ground Armor Level 1 (Chrono Boost)  
  129  10:47  Stalker  
  129  10:48  Probe, Stalker  
  129  10:49  Probe  
  135  10:52  Probe x2  
  137  10:57  Gateway  
  137  10:59  Stalker  
  139  11:06  Probe x3  
  139  11:07  Probe  
  139  11:10  Pylon  
  143  11:14  Zealot x3  
  143  11:16  Zealot  
  152  11:18  Sentry, Probe  
  152  11:21  Probe x3  
  157  11:25  Photon Cannon  
  157  11:31  Templar Archives  
  157  11:35  Stalker x2  
  161  11:44  Stalker  
  161  11:45  Stalker  
  163  11:48  Stalker x3  
  163  11:50  Probe x3  
  163  11:51  Probe  
  156  12:02  Probe x2 (Chrono Boost)  
  156  12:03  Probe (Chrono Boost)  
  156  12:04  Probe (Chrono Boost)  
  160  12:11  High Templar x4  
  160  12:14  Probe x2 (Chrono Boost)  
  172  12:21  Probe x2 (Chrono Boost)  
  172  12:22  Archon x2  
  174  12:23  Zealot x3, Probe x2 (Chrono Boost)  
  174  12:26  Gateway  
  174  12:27  Probe (Chrono Boost)  
  181  12:30  Probe  
  181  12:31  Probe  
  181  12:32  Assimilator x2  
  181  12:33  Probe  
  184  12:39  Probe  
  184  12:42  Probe  
  184  12:43  Stalker  
  187  12:44  Probe  
  187  12:45  Probe  
  187  12:47  Stalker x3  
  182  13:06  Zealot x3  
  182  13:12  Pylon x2  
  180  13:34  Zealot x5  
  184  13:45  Gateway  
  184  13:46  Gateway  
  178  13:56  Nexus  
  178  13:58  Pylon  
  178  14:00  Stalker x6  
  178  14:01  Stalker  
  187  14:09  Pylon  
  193  14:12  Observer  
  193  14:13  Observer  
  187  14:22  Stargate  
  187  14:23  Photon Cannon  
  187  14:25  Photon Cannon  
  187  14:27  Zealot x6, Photon Cannon  
  187  14:28  Shield Battery  
  199  14:42  Assimilator  
  199  14:43  Assimilator, Zealot x2  
  193  14:47  Gateway  
  193  14:49  Gateway  
  193  14:50  Zealot x3  

Tags
 
Add a new tag
Caveats
  • Supply blocks, unpowered buildings, or Contaminate may cause inaccurate times.
  • Supply counts are checked every 10 seconds.